 Dungeon Crawl Stone Soup version 0.29-a0-323-g050149af67 (webtiles) character file.

Game seed: 8054381469613226347

67 spaghetti the Chopper (level 3, -11/29 HPs)
             Began as a Demigod Gladiator on Apr 11, 2022.
             Mangled by an orc priest
             ... wielding a +3 hand axe of electrocution
              (20 damage)
             ... on level 3 of the Dungeon.
             The game lasted 00:02:31 (2308 turns).

spaghetti the Chopper (Demigod Gladiator)           Turns: 2308, Time: 00:02:31

Health: -11/29     AC:  4    Str: 15    XL:     3   Next: 72%
Magic:  9/9        EV: 12    Int: 14    God:
Gold:   59         SH:  0    Dex: 15    Spells: 3/6 levels left

rFire   . . .      SeeInvis .   a - +0 war axe {axe}
rCold   . . .      Faith    .   (no shield)
rNeg    . . .      Spirit   .   b - +0 leather armour
rPois   .          Reflect  .   c - +0 helmet
rElec   .          Harm     .   (no cloak)
rCorr   .          Rampage  .   (no gloves)
Will    .....                   (no boots)
Stlth   +.........              (no amulet)
HPRegen 0.09/turn               (no ring)
MPRegen 0.11/turn               (no ring)

@: no status effects
A: high MP 1, forlorn, divine attributes
a: no special abilities


You were on level 3 of the Dungeon.
You visited 1 branch of the dungeon, and saw 3 of its levels.

You collected 59 gold pieces.


Innate Abilities, Weirdness & Mutations

You have an increased reservoir of magic. (+10% MP)
You shall have no god before yourself.
Your divine heritage dramatically boosts your attributes as you level up.


   Skills:
 - Level 1.7 Fighting
 - Level 2.9 Axes
 - Level 1.7 Throwing
 - Level 2.6 Dodging
 + Level 2.3 Spellcasting
 + Level 0.9 Conjurations
 + Level 0.9 Earth Magic


You had 3 spell levels left.
You knew the following spells:

 Your Spells              Type           Power      Damage    Failure   Level
a - Stone Arrow           Conj/Erth      8%         3d7       50%         3

Your spell library contained the following spells:

 Spells                   Type           Power      Damage    Failure   Level
 Apportation              Tloc           2%         N/A       28%         1
 Animate Armour           Summ/Erth      4%         N/A       93%         4
 Passage of Golubria      Tloc           1%         N/A       95%         4
 Alistair's Intoxication  Tmut/Pois      0%         N/A       100%        5
 Silence                  Hex/Air        0%         N/A       100%        5
 Lehudib's Crystal Spear  Conj/Erth      2%         10d2      100%        8

Inventory:

Hand Weapons
 a - a +0 war axe (weapon) {axe}
 f - a +0 spear of freezing {polearm}
   (You found it on level 1 of the Dungeon)
Missiles
 d - 3 throwing nets {=f!fthrowing}
 e - 4 javelins {throwing}
 j - 10 poisoned darts {throwing}
 k - 60 stones {throwing}
Armour
 b - a +0 leather armour (worn)
 c - a +0 helmet (worn)
 l - a +0 pair of boots
   (You found it on level 1 of the Dungeon)
Wands
 z - a wand of polymorph (6)
   (You found it on level 3 of the Dungeon)
Scrolls
 m - 3 scrolls of teleportation {unknown}
 n - 2 scrolls of vulnerability {unknown}
 r - a scroll of magic mapping {unknown}
 t - a scroll of fear {unknown}
 v - a scroll of noise {unknown}
 w - a scroll of enchant weapon {unknown}
 y - a scroll of fog {unknown}
Potions
 g - a potion of degeneration {unknown}
 h - 2 potions of lignification {unknown}
 i - 2 potions of heal wounds {unknown}
 o - a potion of haste {unknown}
 p - a potion of resistance {unknown}
 q - a potion of invisibility {unknown}
 s - 2 potions of curing {unknown}
 u - a potion of mutation {unknown}
 x - a potion of cancellation {unknown}
 A - a potion of magic {unknown}

Dungeon Overview and Level Annotations

Branches:
Dungeon (3/15)

Shops:
D:3

? .........#...#
....>....# ..........
.......### ############
###### #...........
......# #.##########
......o######.####......
...<.Bo@...........#####
......o)############
......o.# ........#
........# .......##
......# ######


You could see an orc priest, 3 orcs and a giant cockroach.


Message History

No target in view!
No target in view!
No target in view!
No target in view!
A rat comes into view.
A rat is nearby!
A rat is nearby!
The rat bites you but does no damage.
You slash the rat!
You kill the rat!
No target in view!
No target in view!
No target in view!
No target in view!
No target in view!
No target in view!
No target in view!
No target in view!
No target in view!
No target in view!
No target in view!
No target in view!
No target in view!
Found a stone staircase leading down.
A worm comes into view.
A worm is nearby!
A rat comes into view.
You hit the worm but do no damage. The worm bites you! 😕 HP[-7]
You take 7 damage, and now have 22/29 hp.
MASSIVE DAMAGE!! (PAUSE)
You slash the worm! You slash the worm!
You kill the worm!
You hit the rat.
You kill the rat!
Key pressed, stopping explore.
Found a stone staircase leading down.
y - a scroll labelled FECOF VEEROER 😎 HP[+7]
Your hp is fully restored (29).
z - a wand of polymorph (6)
Okay, then.
There is a stone staircase leading down here.
Key pressed, stopping explore.
A - a viscous puce potion Key pressed, stopping explore.
Found a stone staircase leading up.
Okay, then.
An orc priest and an orc come into view.
The orc priest is wielding a +3 hand axe of electrocution.
The orc shouts!
The orc priest shouts!
You hear a shout! x2
An orc comes into view. It is wielding a +0 hand axe.
There are monsters nearby!
There are monsters nearby!
There are monsters nearby! 2 orcs come into view.
The orc shouts! x2
You closely miss the orc.
A giant cockroach comes into view.
You barely miss the orc priest. You barely miss the orc.
The orc barely misses you. The orc priest misses you.
The orc hits you but does no damage. x2; The orc closely misses you.
The orc hits you with a +0 hand axe.
The orc priest closely misses you. 😕 HP[-5]
You take 5 damage, and now have 24/29 hp.
You are too injured to fight recklessly!
You are too injured to fight recklessly!
You are too injured to fight recklessly!
You are too injured to fight recklessly!
You are too injured to fight recklessly!
You are too injured to fight recklessly!
You are too injured to fight recklessly!
You are too injured to fight recklessly!
You are too injured to fight recklessly!
You are too injured to fight recklessly!
You are too injured to fight recklessly!
You are too injured to fight recklessly!
You are too injured to fight recklessly!
You are too injured to fight recklessly!
You are too injured to fight recklessly!
Unknown command.
You closely miss the orc priest. You hit the orc. x2
The orc closely misses you. The orc barely misses you.
The orc priest invokes the aid of Beogh against you.
Pain shoots through your body!
* * * LOW HITPOINT WARNING * * *
The orc misses you. 😨 HP[-11]
You take 11 damage, and now have 13/29 hp.
MASSIVE DAMAGE!! (PAUSE)
You slash the orc priest! You barely miss the orc. You hit the orc.
You slash the orc!
You kill the orc!
The orc closely misses you. The orc barely misses you.
The orc priest hits you with a +3 hand axe of electrocution.
* * * LOW HITPOINT WARNING * * *
You are electrocuted!!
Ouch! That really hurt!
You die...

Skill      XL: |  1  2 |
---------------+-------+-----
Spellcasting   | 1 2 |  2.3
Fighting       | |  1.7
Axes           | |  2.9
Throwing       | |  1.7
Dodging        | |  2.6
Conjurations   | |  0.9
Earth Magic    | |  0.9

Action                   || total
-------------------------++-------
Melee: War axe           ||   115
 Stab: Sleeping          ||     2
Armor: Leather armour    ||    54
Dodge: Dodged            ||   100

Levels and vault maps discovered:
D:1:      matt_arrival_diagonals, layout_rooms, serial_corexii_hall,
          corexii_hall_statues_i, corexii_hall_statues_x,
          hellmonk_ecumenical_altar_pennies_from_heaven
D:2:      kennysheep_big_flooded_room, layout_rooms
D:3:      layout_rooms, serial_shops, nicolae_shop_advertising_works
          [nicolae_subvault_shop_adworks], grunt_decor_cap

Notes
Turn   | Place    | Note
-------+----------+-------------------------------------------
     0 | D:1      | spaghetti the Demigod Gladiator began the quest for the
                  | Orb.
     0 | D:1      | Reached XP level 1. HP: 17/17 MP: 3/3
     0 | D:1      | magus.rc [v1.9.6]
    36 | D:1      | You pick up a book of Armaments and begin reading...
    36 | D:1      | You add the spells Stone Arrow, Animate Armour and
                  | Lehudib's Crystal Spear to your library.
   195 | D:1      | Reached skill level 1 in Spellcasting
   347 | D:1      | Reached XP level 2. HP: 20/24 MP: 4/6
   644 | D:1      | Reached skill level 2 in Spellcasting
   779 | D:1      | Reached XP level 3. HP: 29/29 MP: 8/8
   783 | D:1      | Learned a level 3 spell: Stone Arrow
  1087 | D:2      | You pick up a book of the Moon and begin reading...
  1087 | D:2      | You add the spells Passage of Golubria and Silence to your
                  | library.
  1091 | D:2      | You pick up a book of Party Tricks and begin reading...
  1091 | D:2      | You add the spells Apportation and Alistair's Intoxication
                  | to your library.
  1985 | D:3      | Found Guntid's Magic Scroll Shop.
  2308 | D:3      | Mangled by an orc priest

Vanquished Creatures
  3 worms
  3 dart slugs (D:1)
  An orc (D:3)
  3 endoplasms
  3 giant cockroaches
  4 goblins (D:1)
  3 hobgoblins
  10 jackals
  A quokka (D:2)
  4 ball pythons
  5 bats
  3 frilled lizards
  3 kobolds
  6 rats
52 creatures vanquished.

Table legend:
 A = Non-vault XP
 B = Vault XP
 C = Vault XP percentage of total XP
 D = Non-vault monster count
 E = Vault monster count
 F = Vault count percentage of total count
                 A         B        C        D         E       F
            +---------+---------+-------+---------+---------+-------
      Total |      94 |       6 |   6.0 |      50 |       2 |   3.8
            +---------+---------+-------+---------+---------+-------
        D:1 |      53 |       0 |   0.0 |      28 |       0 |   0.0
        D:2 |      23 |       6 |  20.7 |      14 |       2 |  12.5
        D:3 |      18 |       0 |   0.0 |       8 |       0 |   0.0
            +---------+---------+-------+---------+---------+-------

Illustrated notes

Table legend:
 A = Kills in this place as a percentage of kills in entire the game.
 B = Kills by you in this place as a percentage of kills by you in the entire game.
 C = Kills by friends in this place as a percentage of kills by friends in the entire game.
 D = Other kills in this place as a percentage of other kills in the entire game.
 E = Experience gained in this place as a percentage of experience gained in the entire game.
 F = Experience gained in this place divided by the number of levels of this place that you have seen.
                   A       B       C       D       E      F
               +-------+-------+-------+-------+-------+----------------------
         Total | 100.0 | 100.0 |   N/A |   N/A | 100.0 |  33.3
       Dungeon | 100.0 | 100.0 |   N/A |   N/A | 100.0 |  33.3
               +-------+-------+-------+-------+-------+----------------------

Table legend: (Time is in decaauts)
 A = Elapsed time spent in this place.
 B = Non-inter-level travel time spent in this place.
 C = Inter-level travel time spent in this place.
 D = Time resting spent in this place.
 E = Time spent auto-exploring this place.
 F = Levels seen in this place.
 G = Mean time per level.
                   A        B        C        D        E       F      G
               +--------+--------+--------+--------+--------+-----+--------+
         Total |   2350 |   2294 |     56 |    303 |   1651 |   3 |  783.3 |
       Dungeon |   2350 |   2294 |     56 |    303 |   1651 |   3 |  783.3 |
               +--------+--------+--------+--------+--------+-----+--------+

Top non-repeatable levels by time:
     D:1: 1046 daAuts
     D:2: 860 daAuts
     D:3: 443 daAuts
